General information
- name: BNet
- type: Ladder team game (AT/RT)
- host: Battle.net
- saver: Slavemaster
map: Deadlock_LV
- players: 8
- length: 39:30
- speed: Fast
- version: 1.29 W3XP
- replay type: Public
» download(341 KB)
Players
team 1 (winner)

»
ShiG (
green | 3 APM | 104 actions | 39:30)
69ers (
purple | 60 APM | 2378 actions | 39:29)
6 Blademaster
3 Wind Walk
3 Critical Strike
» actions
| Assign group hotkey | 43 | |
| Basic commands | 291 | |
| Build / train | 89 | |
| Enter build submenu | 58 | |
| Enter hero's abilities submenu | 6 | |
| Give item / drop item | 29 | |
| Right click | 769 | |
| Select / deselect | 421 | |
| Select group hotkey | 551 | |
| Use ability | 121 | |
2378 total
» units
| Peon | 30 | |
| Grunt | 5 | |
| Troll Batrider | 4 | |
| Wind Rider | 8 | |
47 total
» upgrades
| Reinforced Defenses | 1 | |
| Ranged Weapons | 3 | |
| Armor | 3 | |
| Envenomed Spears | 1 | |
8 total
» buildings
| Orc Burrow | 8 | |
| Altar of Storms | 1 | |
| Barracks | 1 | |
| Voodoo Lounge | 3 | |
| Stronghold | 1 | |
| War Mill | 2 | |
| Great Hall | 5 | |
| Watch Tower | 35 | |
| Fortress | 1 | |
| Beastiary | 4 | |
61 total
» build order
00:12 Orc Burrow
00:58 Orc Burrow
01:05 Altar of Storms
01:06 Barracks
02:00 Voodoo Lounge
02:57 Stronghold
04:17 War Mill
04:19 Orc Burrow
05:28 Great Hall
06:06 Watch Tower
06:06 Watch Tower
06:06 Watch Tower
06:09 Watch Tower
06:48 Fortress
07:59 Watch Tower
07:59 Watch Tower
08:02 Beastiary
08:03 Beastiary
10:51 Beastiary
10:52 Beastiary
13:54 War Mill
14:39 Great Hall
17:19 Great Hall
18:17 Watch Tower
18:17 Watch Tower
18:18 Watch Tower
18:18 Watch Tower
18:20 Watch Tower
18:21 Watch Tower
18:21 Watch Tower
18:22 Watch Tower
18:23 Watch Tower
18:23 Watch Tower
18:30 Watch Tower
18:30 Watch Tower
18:31 Watch Tower
18:33 Watch Tower
18:37 Voodoo Lounge
18:43 Watch Tower
18:43 Watch Tower
19:14 Watch Tower
19:15 Watch Tower
19:15 Watch Tower
19:15 Watch Tower
19:17 Watch Tower
19:31 Watch Tower
19:33 Voodoo Lounge
21:52 Watch Tower
21:52 Watch Tower
21:52 Watch Tower
21:52 Watch Tower
21:53 Watch Tower
21:53 Watch Tower
21:54 Watch Tower
25:11 Orc Burrow
26:01 Orc Burrow
26:02 Orc Burrow
28:09 Orc Burrow
28:10 Orc Burrow
30:11 Great Hall
30:14 Great Hall
» items
| Healing Salve | 3 | |
| Lesser Clarity Potion | 1 | |
| Orb of Lightning | 2 | |
| Tiny Great Hall | 1 | |
| Scroll of Town Portal | 3 | |
| Scroll of Protection | 1 | |
| Scroll of Healing | 1 | |
| Staff of Silence | 1 | |
| Pendant of Mana | 2 | |
| Claws of Attack +9 | 1 | |
| Runed Bracers | 1 | |
| Ring of Protection +3 | 1 | |
| Potion of Healing | 1 | |
| Potion of Mana | 1 | |
| Amulet of Spell Shield | 1 | |
| Boots of Quel'Thalas +6 | 1 | |
| Staff of Teleportation | 1 | |
| Scroll of Regeneration | 1 | |
| Staff of Sanctuary | 1 | |
25 total
darkgatus (
pink | 29 APM | 1140 actions | 39:30)
7 Archmage
3 Blizzard
3 Brilliance Aura
1 Mass Teleport
» actions
| Basic commands | 475 | |
| Build / train | 101 | |
| ESC pressed | 9 | |
| Enter build submenu | 27 | |
| Enter hero's abilities submenu | 7 | |
| Remove unit from queue | 1 | |
| Right click | 4 | |
| Select / deselect | 423 | |
| Use ability | 91 | |
1140 total
» units
| Peasant | 15 | |
| Footman | 13 | |
| Rifleman | 11 | |
| Priest | 7 | |
| Flying Machine | 15 | |
| Mortar Team | 6 | |
| Sorceress | 1 | |
68 total
» upgrades
| Masonry | 2 | |
| Defend | 1 | |
| Long Rifles | 1 | |
| Gunpowder | 2 | |
| Priest Training | 2 | |
| Flak Cannons | 1 | |
| Plating | 1 | |
| Fragmentation Shards | 1 | |
| Sorceress Training | 1 | |
| Barrage | 1 | |
13 total
» buildings
| Altar of Kings | 1 | |
| Farm | 11 | |
| Barracks | 1 | |
| Scout Tower | 3 | |
| Arcane Tower | 2 | |
| Lumber Mill | 1 | |
| Arcane Vault | 1 | |
| Keep | 1 | |
| Blacksmith | 1 | |
| Guard Tower | 1 | |
| Arcane Sanctum | 1 | |
| Castle | 1 | |
| Workshop | 2 | |
| Town Hall | 1 | |
28 total
» build order
00:12 Altar of Kings
00:22 Farm
00:51 Farm
00:53 Barracks
01:36 Farm
01:46 Farm
02:08 Farm
02:13 Scout Tower
03:31 Arcane Tower
03:53 Farm
04:43 Lumber Mill
05:16 Arcane Vault
06:17 Keep
06:33 Blacksmith
07:03 Farm
07:38 Scout Tower
08:10 Guard Tower
08:15 Farm
09:25 Arcane Sanctum
09:59 Castle
13:37 Workshop
15:07 Farm
15:19 Workshop
15:52 Farm
18:37 Town Hall
20:21 Scout Tower
21:02 Arcane Tower
21:06 Farm
» items
| Healing Salve | 2 | |
| Scroll of Regeneration | 2 | |
| Scroll of Town Portal | 1 | |
| Scroll of Healing | 1 | |
6 total
hybrid951 (
yellow | 25 APM | 856 actions | 34:09)
8 Lich
3 Frost Nova
3 Frost Armor
1 Death and Decay
1 Dark Ritual
» actions
| Build / train | 72 | |
| Enter build submenu | 31 | |
| Enter hero's abilities submenu | 8 | |
| Give item / drop item | 1 | |
| Remove unit from queue | 2 | |
| Right click | 383 | |
| Select / deselect | 309 | |
| Use ability | 50 | |
856 total
» units
| Acolyte | 8 | |
| Ghoul | 3 | |
| Crypt Fiend | 16 | |
| Frost Wyrm | 5 | |
| Obsidian Statue | 2 | |
| Abomination | 2 | |
| Meatwagon | 1 | |
37 total
» upgrades
| Creature Attack | 3 | |
| Creature Carapace | 2 | |
| Web | 1 | |
| Burrow | 1 | |
| Freezing Breath | 1 | |
| Disease Cloud | 1 | |
9 total
» buildings
| Altar of Darkness | 1 | |
| Ziggurat | 16 | |
| Crypt | 1 | |
| Nerubian Tower | 6 | |
| Graveyard | 1 | |
| Tomb of Relics | 1 | |
| Spirit Tower | 6 | |
| Halls of the Dead | 1 | |
| Black Citadel | 1 | |
| Sacrificial Pit | 1 | |
| Boneyard | 2 | |
| Slaughterhouse | 1 | |
38 total
» build order
00:12 Altar of Darkness
00:15 Ziggurat
00:18 Crypt
01:08 Nerubian Tower
01:49 Graveyard
01:53 Ziggurat
03:04 Tomb of Relics
04:17 Spirit Tower
04:43 Ziggurat
04:54 Ziggurat
05:57 Halls of the Dead
06:32 Nerubian Tower
06:38 Spirit Tower
07:04 Ziggurat
07:53 Ziggurat
08:09 Ziggurat
09:28 Black Citadel
09:35 Sacrificial Pit
10:23 Ziggurat
10:25 Ziggurat
10:27 Ziggurat
10:32 Ziggurat
10:35 Ziggurat
12:41 Boneyard
12:45 Boneyard
12:48 Slaughterhouse
12:53 Spirit Tower
12:54 Nerubian Tower
13:00 Spirit Tower
13:02 Nerubian Tower
13:20 Nerubian Tower
15:41 Spirit Tower
25:49 Ziggurat
26:42 Ziggurat
27:17 Ziggurat
27:19 Ziggurat
27:57 Nerubian Tower
29:12 Spirit Tower
» items
team 2 (loser)
OwlSpy (
blue | 61 APM | 2425 actions | 39:30)
1 Priestess of the Moon
1 Scout
» actions
| Assign group hotkey | 434 | |
| Basic commands | 194 | |
| Build / train | 30 | |
| Enter build submenu | 15 | |
| Enter hero's abilities submenu | 2 | |
| Remove unit from queue | 1 | |
| Right click | 955 | |
| Select / deselect | 232 | |
| Select group hotkey | 513 | |
| Use ability | 47 | |
2425 total
» units
| Wisp | 15 | |
| Huntress | 8 | |
| Glaive Thrower | 1 | |
| Archer | 3 | |
27 total
» buildings
| Altar of Elders | 1 | |
| Moon Well | 6 | |
| Hunter's Hall | 1 | |
| Ancient of War | 2 | |
| Tree of Life | 2 | |
12 total
» build order
00:05 Altar of Elders
00:17 Moon Well
01:45 Hunter's Hall
01:53 Ancient of War
02:13 Ancient of War
02:25 Moon Well
02:46 Moon Well
02:47 Moon Well
05:45 Tree of Life
11:34 Moon Well
11:36 Moon Well
16:22 Tree of Life
Slavemaster (
red | 103 APM | 4078 actions | 39:30)
5 Archmage
3 Summon Water Elemental
2 Brilliance Aura
4 Dark Ranger
2 Black Arrow
2 Silence
2 Mountain King
1 Storm Bolt
1 Bash
» actions
| Assign group hotkey | 90 | |
| Basic commands | 190 | |
| Build / train | 150 | |
| ESC pressed | 8 | |
| Enter build submenu | 61 | |
| Enter hero's abilities submenu | 11 | |
| Give item / drop item | 25 | |
| Remove unit from queue | 1 | |
| Right click | 1357 | |
| Select / deselect | 541 | |
| Select group hotkey | 1395 | |
| Use ability | 248 | |
4078 total
» units
| Peasant | 24 | |
| Footman | 4 | |
| Rifleman | 15 | |
| Dragonhawk Rider | 4 | |
| Priest | 1 | |
| Sorceress | 1 | |
49 total
» upgrades
| Gunpowder | 2 | |
| Masonry | 3 | |
| Armor | 2 | |
| Swords | 3 | |
| Animal War Training | 1 | |
| Lumber Harvesting | 1 | |
| Priest Training | 1 | |
| Sorceress Training | 1 | |
14 total
» buildings
| Barracks | 1 | |
| Altar of Kings | 2 | |
| Farm | 9 | |
| Arcane Vault | 2 | |
| Blacksmith | 1 | |
| Keep | 4 | |
| Town Hall | 2 | |
| Scout Tower | 33 | |
| Lumber Mill | 1 | |
| Guard Tower | 28 | |
| Arcane Tower | 5 | |
| Castle | 2 | |
| Gryphon Aviary | 3 | |
| Arcane Sanctum | 2 | |
95 total
» build order
01:06 Barracks
01:10 Altar of Kings
01:11 Farm
01:18 Farm
01:20 Farm
01:50 Farm
02:17 Arcane Vault
02:21 Blacksmith
03:39 Keep
03:39 Keep
04:10 Town Hall
04:14 Scout Tower
06:07 Lumber Mill
06:49 Scout Tower
06:49 Scout Tower
06:53 Scout Tower
08:08 Guard Tower
08:09 Guard Tower
08:12 Scout Tower
08:13 Scout Tower
08:14 Scout Tower
08:14 Scout Tower
08:36 Scout Tower
08:37 Scout Tower
08:43 Guard Tower
08:43 Guard Tower
08:47 Guard Tower
08:47 Guard Tower
09:08 Guard Tower
09:10 Scout Tower
09:16 Guard Tower
09:16 Guard Tower
09:16 Guard Tower
09:17 Guard Tower
10:40 Arcane Tower
11:11 Castle
11:11 Castle
12:54 Scout Tower
12:58 Scout Tower
12:59 Scout Tower
13:03 Arcane Tower
13:33 Guard Tower
13:33 Guard Tower
14:42 Scout Tower
14:42 Scout Tower
14:43 Scout Tower
15:43 Guard Tower
15:43 Guard Tower
15:55 Guard Tower
15:55 Guard Tower
15:55 Guard Tower
15:55 Guard Tower
16:57 Scout Tower
16:58 Scout Tower
17:47 Scout Tower
17:48 Scout Tower
17:50 Scout Tower
17:59 Arcane Tower
18:00 Guard Tower
18:43 Guard Tower
18:44 Guard Tower
18:48 Gryphon Aviary
18:53 Gryphon Aviary
18:54 Gryphon Aviary
20:09 Farm
20:10 Farm
20:11 Farm
20:15 Arcane Sanctum
22:12 Arcane Sanctum
22:17 Farm
22:19 Farm
23:16 Scout Tower
23:17 Scout Tower
23:17 Scout Tower
23:18 Scout Tower
28:05 Town Hall
28:07 Scout Tower
28:07 Scout Tower
28:08 Scout Tower
28:09 Scout Tower
28:21 Scout Tower
28:49 Arcane Tower
28:50 Guard Tower
28:50 Guard Tower
29:02 Guard Tower
29:02 Guard Tower
29:04 Altar of Kings
29:25 Arcane Vault
29:44 Keep
29:44 Keep
32:50 Scout Tower
32:50 Scout Tower
34:08 Arcane Tower
34:09 Guard Tower
34:09 Guard Tower
» items
| Scroll of Regeneration | 4 | |
| Pendant of Mana | 1 | |
| Runed Bracers | 1 | |
| Scroll of Town Portal | 4 | |
| Potion of Lesser Invulnerability | 2 | |
| Periapt of Vitality | 1 | |
| Scroll of Protection | 1 | |
| Boots of Speed | 1 | |
| Scroll of Healing | 2 | |
| Circlet of Nobility | 1 | |
| Potion of Healing | 1 | |
| Staff of Sanctuary | 1 | |
| Orb of Fire | 1 | |
| Khadgar's Gem of Health | 1 | |
22 total
unknown_YYZ (
orange | 121 APM | 2310 actions | 19:09)
5 Shadow Hunter
3 Serpent Ward
1 Healing Wave
1 Hex
» actions
| Assign group hotkey | 56 | |
| Basic commands | 24 | |
| Build / train | 47 | |
| ESC pressed | 1 | |
| Enter build submenu | 21 | |
| Enter hero's abilities submenu | 5 | |
| Right click | 1178 | |
| Select / deselect | 468 | |
| Select group hotkey | 446 | |
| Use ability | 64 | |
2310 total
» units
» upgrades
| Ranged Weapons | 3 | |
| Envenomed Spears | 1 | |
| Armor | 2 | |
6 total
» buildings
| War Mill | 1 | |
| Altar of Storms | 1 | |
| Orc Burrow | 7 | |
| Barracks | 1 | |
| Voodoo Lounge | 1 | |
| Watch Tower | 4 | |
| Stronghold | 1 | |
| Beastiary | 2 | |
| Fortress | 1 | |
| Great Hall | 1 | |
20 total
» build order
00:22 War Mill
00:37 Altar of Storms
00:51 Orc Burrow
01:06 Barracks
01:52 Voodoo Lounge
02:24 Watch Tower
02:43 Orc Burrow
02:45 Orc Burrow
03:32 Stronghold
04:01 Watch Tower
04:27 Orc Burrow
06:17 Orc Burrow
06:44 Beastiary
06:48 Beastiary
07:27 Orc Burrow
07:37 Watch Tower
07:56 Fortress
08:57 Orc Burrow
09:29 Watch Tower
13:30 Great Hall
» items
| Lesser Clarity Potion | 3 | |
| Healing Salve | 1 | |
4 total

»
kevinnash (
teal | 23 APM | 895 actions | 39:30)
1 Blood Mage
1 Flame Strike
1 Paladin
1 Holy Light
» actions
| Basic commands | 155 | |
| Build / train | 42 | |
| Enter build submenu | 23 | |
| Enter hero's abilities submenu | 2 | |
| Remove unit from queue | 1 | |
| Right click | 337 | |
| Select / deselect | 287 | |
| Use ability | 48 | |
895 total
» units
| Peasant | 13 | |
| Dragonhawk Rider | 7 | |
| Gryphon Rider | 5 | |
25 total
» upgrades
| Storm Hammers | 1 | |
| Lumber Harvesting | 1 | |
| Cloud | 1 | |
3 total
» buildings
| Altar of Kings | 1 | |
| Lumber Mill | 1 | |
| Farm | 8 | |
| Scout Tower | 6 | |
| Guard Tower | 5 | |
| Arcane Vault | 1 | |
| Keep | 1 | |
| Gryphon Aviary | 2 | |
| Castle | 1 | |
26 total
» build order
00:28 Altar of Kings
00:33 Lumber Mill
00:36 Farm
01:48 Scout Tower
01:50 Farm
01:56 Scout Tower
02:17 Guard Tower
02:43 Guard Tower
02:53 Arcane Vault
03:15 Scout Tower
03:39 Scout Tower
03:46 Guard Tower
06:03 Guard Tower
06:54 Keep
09:28 Gryphon Aviary
09:31 Gryphon Aviary
09:46 Farm
10:32 Farm
12:06 Farm
13:04 Castle
13:41 Scout Tower
13:55 Farm
14:45 Farm
14:50 Scout Tower
14:52 Guard Tower
17:10 Farm
» items
Chat log
(00:08 / Allies) unknown_YYZ: rush?
(00:14 / Allies) OwlSpy: sure
(00:21 / Allies) Slavemaster: no
(00:21 / Allies) Slavemaster: cc
(00:23 / Allies) OwlSpy: i will find a target
(00:32 / Allies) unknown_YYZ: cc it is..
(00:59 / Allies) OwlSpy: looks like fast tech
(01:26 / All) kevinnash: sorry guys was afk just got done watching infinty war loki dies with in the first 15 mins hulk cant change thanos kills everyon
(01:29 / Allies) OwlSpy: yellow seems ghoul
(01:40 / All) kevinnash: by snaping his fingers and movie ends with him wining
(02:01 / All) OwlSpy: thanks for preface about the movie i squelch
(02:38 / All) OwlSpy: gg afk green
(02:40 / Allies) OwlSpy: rush
(02:45 / Allies) Slavemaster: cc
(02:54 / Allies) OwlSpy: they have an afk guy, just rush
(02:56 / Allies) Slavemaster: cc
(03:01 / Allies) Slavemaster: expo and get further ahead
(03:03 / Allies) Slavemaster: guaranteed win
(03:04 / All) kevinnash: gg im tking for blue squeaching me
(03:06 / Allies) Slavemaster: rather than rush which is riskier
(03:14 / Allies) OwlSpy: pussy red
(03:59 / All) 69ers: sigh
(04:05 / All) 69ers: always got to get some annoying fag like this
(04:30 / All) kevinnash: rofl blue ging jacked knife
(04:42 / Allies) Slavemaster: noob can't withstand militia tk lol
(04:45 / Allies) Slavemaster: and thinks he coulda succeeded a rush
(04:59 / Allies) OwlSpy: red 1v1 me after this on your host ill shit on you any race and hero you want
(05:07 / Allies) Slavemaster: you got shit on by militia tk LOL!
(05:11 / All) kevinnash: blue mad
(05:15 / All) Slavemaster: blue pissed
(05:20 / All) Slavemaster: bitch baby blue
(05:22 / All) Slavemaster: WAH WAH
(06:06 / Allies) OwlSpy: dodge pussy red
(06:14 / Allies) Slavemaster: pussy who got raped by militia tk HAHAHAHA
(06:21 / All) kevinnash: blue mad lol
(06:29 / All) kevinnash: thanos sat on his face
(06:30 / All) Slavemaster: I would be too if I got raped that hard
(06:39 / Allies) OwlSpy: enjoy loss retard
(06:45 / Allies) kevinnash: i will
(06:46 / Allies) Slavemaster: WAHHH WAHHHH need a wahhhmbulance blue?
(06:47 / Allies) kevinnash: yum yum yum
(06:50 / Allies) kevinnash: get jacked knife gook
(06:53 / All) OwlSpy: dont worry guys teal tked and red talked shit so now i tk him
(07:01 / All) Slavemaster: you can't tk me
(07:03 / All) Slavemaster: you suck cock
(07:04 / All) OwlSpy: red am footies rifles expanding
(07:04 / All) kevinnash: we tk you gook
(07:07 / All) OwlSpy: orange is hitting pink
(07:28 / All) OwlSpy: red is joining him he's near the top left tavern
(07:41 / All) Slavemaster: Blue sucks cock hit bot mid free XP
(07:42 / All) kevinnash: lol blue mad lol
(08:22 / All) kevinnash: blackpanther dies scarlet witch dies vision dies buckie dies hulk cant change lol
(08:27 / All) kevinnash: thanos wins at end
(08:40 / All) 69ers: if only
(08:48 / All) kevinnash: wooo blue geting fucked by red like how thanos got all gems and raped the avangers
(09:06 / All) Slavemaster: Blue can't defend militia tk and he can't tk himself either! everyone point and laugh
(09:19 / All) kevinnash: hehehe owlshit cant even tk
(09:25 / All) Slavemaster: newbie, HAHA!
(09:42 / All) OwlSpy: red talk shit and challenged him to 1v1 any map he wants any hero he wants to get raped by and he dodge like a bitch
(09:48 / All) Slavemaster: I'm 1v1ing you right now
(09:50 / All) Slavemaster: and you're being raped
(09:51 / All) kevinnash: blue cant win lol
(09:53 / All) Slavemaster: hard
(09:58 / All) 69ers: stop crying faggot
(10:02 / All) 69ers: god you're a queer blue
(10:07 / All) OwlSpy: idiot i got tked and you expo and you're STILL losing to 3 hunts
(10:08 / All) kevinnash: lol blue so bad
(10:20 / All) kevinnash: blue so bad he didnt even try repair so bad
(10:30 / All) 69ers: gay potm harass against orc lol
(10:34 / All) 69ers: thanks for the laff nub
(10:55 / Allies) Slavemaster: trapped LOL
(10:57 / Allies) Slavemaster: tp more noob
(11:22 / All) OwlSpy: teal is massing dhawks
(11:29 / All) Slavemaster: blue is getting raped
(11:31 / All) Slavemaster: by me
(12:20 / All) Slavemaster: I'm defending my expo and tker simultaneously lol
(12:37 / Allies) Slavemaster: let's kill blue
(12:44 / Allies) Slavemaster: and win this
(12:49 / All) kevinnash: hahahaha blue mad
(12:56 / All) Slavemaster: Blue is raging
(13:02 / All) OwlSpy: teal just massing dhawk just counter that
(13:08 / All) OwlSpy: 0/0 upgrades bloodmage paladin
(13:16 / All) Slavemaster: Blue how mad are you
(13:17 / All) Slavemaster: how mad you are
(13:36 / Allies) Slavemaster: peasant here btw teal
(14:04 / Allies) Slavemaster: thanks for wells noob elf
(14:23 / All) kevinnash: wooo bluemad
(14:24 / Allies) Slavemaster: You are absolutely pathetic blue lol
(14:31 / Allies) Slavemaster: failure at everything, just uninstall
(14:50 / Allies) OwlSpy: we could play 1000 games and i wouldnt drop a single map to you with any combo of heroes i wanted retard
(14:59 / Allies) Slavemaster: you just did
(15:01 / Allies) Slavemaster: first game
(15:01 / All) OwlSpy: orange is mass wyv, just get tanks and game over
(15:02 / All) kevinnash: wooo blue mad
(15:03 / Allies) Slavemaster: wah wah
(15:08 / All) Slavemaster: Blue needs a wahhhhmbulance
(15:12 / All) Slavemaster: blue goes WAHHH WAHHH WAHHH
(15:15 / All) Slavemaster: WAHH WAHH!!!
(15:20 / All) kevinnash: hahahah blue just got jacked knife by thanos
(15:41 / All) OwlSpy: orange all alone
(15:43 / All) OwlSpy: defend it
(16:20 / Allies) Slavemaster: just leave blue you got humiliated
(16:34 / All) OwlSpy: attack bottom left expo
(16:45 / All) OwlSpy: and get tanks with rockets they just have mass light air
(16:59 / All) kevinnash: lol and get a bottle for blue qq lol baby ass
(17:12 / All) Slavemaster: baby needs a soother
(17:24 / All) kevinnash: ouch
(17:27 / All) OwlSpy: teal adding gryphon now
(17:28 / All) kevinnash: hahaha
(17:32 / All) Slavemaster: blue goes WAHH WAHH, can't defend militia tk, can't even tk right! HAHA!
(17:32 / All) OwlSpy: still 0/0
(17:37 / All) Slavemaster: everyone point and laugh at this noob
(17:39 / All) kevinnash: im adding grifss and tking blue lol
(17:47 / All) OwlSpy: teal in my main
(17:54 / Allies) unknown_YYZ: welp
(17:58 / Allies) unknown_YYZ: guess I'm dead lol
(18:07 / Allies) Slavemaster: I'd tp but can't take that alone
(18:17 / Allies) Slavemaster: lumber me if you can
(18:24 / Allies) OwlSpy: how much lumber you need?
(18:27 / Allies) Slavemaster: ty
(18:35 / Allies) unknown_YYZ: gg
(18:43 / Allies) OwlSpy: probably about 9 inches is what you need faggot gg idiot
(18:51 / All) Slavemaster: you got raped blue
(18:59 / All) Slavemaster: completely humiliated
(19:03 / All) kevinnash: maybe thanos dick size you sad gook lol
(19:10 / All) OwlSpy: enjoy the loss retard and i see you on my team in future games you or teal free loss
(19:11 / All) Slavemaster: now watch us play cuck
(19:16 / All) Slavemaster: You couldn't tk this game
(19:18 / All) kevinnash: hahahahaha
(19:19 / All) Slavemaster: you can't any other
(19:24 / All) OwlSpy: i tked, look at the game it's over
(19:28 / All) Slavemaster: No it's not
(19:30 / All) Slavemaster: you wish it was LOL
(19:31 / All) OwlSpy: red all alone at your expo yellow
(19:33 / All) OwlSpy: rape him
(19:42 / All) OwlSpy: red's main is towered a lot like 6 tower
(19:51 / All) OwlSpy: his expo only has 3 guard tower 1 arcane
(20:06 / All) OwlSpy: teal has 4 guard tower in his main where his army of air is
(20:07 / All) OwlSpy: 0/0 air
(20:35 / All) OwlSpy: you guys afk or what how are you losing expo to some poverty hu tier 1 army
(20:42 / All) OwlSpy: teal alone in purple main
(20:48 / Allies) Slavemaster: hit yellow
(20:53 / Allies) Slavemaster: he's biggest threat
(20:59 / All) ShiG: i forgot i searched
(21:00 / All) kevinnash: yesss
(21:01 / All) ShiG: was afk
(21:01 / All) OwlSpy: red coming to your main yellow
(21:10 / All) ShiG: then i come back to this shit game
(21:10 / All) ShiG: lol
(22:04 / Allies) Slavemaster: lumber me if you can
(22:06 / Allies) Slavemaster: pool resources
(22:09 / Allies) Slavemaster: I'd tp but can't take that
(22:10 / All) OwlSpy: don't worry guys i got 5 rifles we can win - red the fucktard
(22:26 / All) ShiG: rifles master unit
(22:29 / All) kevinnash: blue mad
(22:29 / All) Slavemaster: I can't tk but I put my team behind and totally caused this to happen
(22:30 / All) Slavemaster: -blue
(22:30 / All) ShiG: duh
(22:32 / All) OwlSpy: i just lost a towered expo to 4 huntresses - red tard
(22:39 / All) Slavemaster: no you didn't
(22:44 / All) Slavemaster: It's still alive
(22:59 / All) kevinnash: hahah farmers was to much for owlshit lol
(23:02 / Allies) OwlSpy: yeah man it was me that caused this not teal troll faggot come in trying to spoil films and militia tp and then you retard
(23:05 / Allies) OwlSpy: talking shit rofl
(23:15 / Allies) Slavemaster: you got raped
(23:32 / All) kevinnash: rappy rappy blue
(23:34 / Allies) OwlSpy: obviously never played a single game of elf in your life if you think a hunt build could ever defend a militia tp retard
(23:47 / Allies) OwlSpy: but like i said enjoy this loss and anytime isee you on my team
(23:51 / All) kevinnash: lol you can
(23:53 / Allies) Slavemaster: You can't tk me this time
(23:55 / Allies) Slavemaster: you can't any other time
(23:58 / Allies) Slavemaster: and I never use the same name twice
(24:02 / Allies) OwlSpy: hope you enjoyed talking your shit to a player out of your league mongoloid tard
(24:10 / All) kevinnash: if i see you on my team ill tk you faster you fag lol
(24:20 / All) kevinnash: yeee hawwwwww
(24:26 / All) ShiG: man
(24:37 / All) ShiG: you guys
(24:39 / All) ShiG: are too much
(24:44 / All) ShiG: end this so we can search more
(24:45 / All) ShiG: bae
(24:50 / All) OwlSpy: quick red, make 2 rifles with your 4k gold idiot lmfao
(24:52 / Allies) Slavemaster: give me lumber
(25:00 / All) kevinnash: thanos kills loki with in the first 15 mins hulk cant change thanos kills spider man blackpanther buckie groot lol
(25:14 / All) kevinnash: end scene is thanos sitting watching the sun set ~_^
(26:12 / Allies) kevinnash: got your back brothah
(26:39 / Allies) Slavemaster: ty teal, true ally
(26:45 / Allies) kevinnash: hahahah fail
(26:55 / All) kevinnash: wooo blue mad
(27:08 / All) kevinnash: get that slave
(27:12 / Allies) OwlSpy: lol fucktard gonna give teal a handjob after he tked the only player on the whole team who actually scouted lmfao
(27:17 / Allies) OwlSpy: what a shit show
(27:25 / Allies) Slavemaster: shut up shitpaste you got wrecked LOL
(27:25 / All) kevinnash: lol you tryed to kill his hero so bad
(27:47 / Allies) OwlSpy: lol nah bro you idiots couldn't kill me with all your might i still got a base and hunts
(27:48 / Allies) OwlSpy: lmfao
(27:57 / Allies) OwlSpy: and you still got that L
(28:05 / Allies) kevinnash: you got the l
(28:16 / Allies) kevinnash: thanos snaps his fingers kills everyone lol
(28:21 / All) OwlSpy: red going to expand at the 8 oclock goldmine
(28:24 / All) kevinnash: awww you were going watch that?
(28:27 / All) OwlSpy: he is sitting there with 3 dhawk dr and am
(28:30 / All) Slavemaster: This cuck can only watch now
(28:31 / All) OwlSpy: and 1 rifle
(28:46 / All) OwlSpy: he just got scout towers for now, go hit him
(28:48 / Allies) Slavemaster: ty
(28:53 / All) ShiG: what
(28:54 / All) ShiG: the
(28:54 / All) OwlSpy: now 6 dhawk
(28:55 / All) ShiG: fuck
(28:56 / All) ShiG: is
(28:57 / All) ShiG: going
(28:57 / All) OwlSpy: 2 rifle
(28:57 / All) ShiG: on
(28:58 / All) ShiG: in
(28:59 / All) ShiG: this
(29:00 / All) ShiG: Game
(29:21 / All) OwlSpy: teal tard troll came in trying to spoiler the new avenger movie, then i squelched him and he tked me and then red talked shit
(29:24 / All) OwlSpy: to me like a retard so i tk him
(29:27 / All) kevinnash: thanos snaps his fingers kills spiderman blackpanther buckie scarletwitch visions
(29:28 / All) OwlSpy: and here we are
(29:37 / All) Slavemaster: LOL is that what happened
(29:40 / All) Slavemaster: he spoiled the avenger movie for you?
(29:41 / All) OwlSpy: red expo is unattended
(29:44 / All) kevinnash: you didnt till you read what happen
(29:46 / All) darkgatus: no worries purp is tking as well
(29:46 / All) OwlSpy: 4 guard tower 1 arcane tower
(29:54 / All) kevinnash: woooo shit run boy
(30:05 / All) Slavemaster: RUN RUNNER RUN
(30:10 / All) OwlSpy: he tried, i squelched him after i read the first part of the message mentioning the name of them movie
(30:11 / All) kevinnash: my hefty griff in back slow as fun lol
(30:21 / All) kevinnash: nah you read the hole thing
(30:21 / All) OwlSpy: red has 6 dhawk and 3 rifle going to right side of the map
(30:48 / All) kevinnash: so you red loki died with in the first 15 mins lol?
(30:51 / Allies) OwlSpy: 6 dhawk 1 gryphon 4 rifle 1 dr 1 am coming to middle of the map
(31:46 / All) hybrid951: gg
(32:09 / All) Slavemaster: Blue is quiet now
(32:12 / All) Slavemaster: fails at everything
(32:13 / All) OwlSpy: win win for me here, either purple and one of his assbuddies kills all your buildings and i get a win, or red and teal get loss
(32:15 / All) Slavemaster: can't even manage to give us a loss
(32:27 / All) OwlSpy: so do work guys, i wait on my win or free loss for red and teal
(32:33 / All) kevinnash: hahaha blue was trying to use orange
(32:58 / All) kevinnash: sure bae you wait and watch replay from farmers tp lol wooo
(33:03 / All) Slavemaster: Everyone listen up, me and purp are in this together and going to kill everything including our own units
(33:08 / All) Slavemaster: and leave nothing left bu t buildings
(33:11 / All) Slavemaster: No way to kill each other
(33:16 / All) Slavemaster: and we'll put you all in a mexican standof
(33:22 / All) Slavemaster: where yo ucan only leave your PC on all night for the win
(33:24 / All) Slavemaster: sound fair?
(33:25 / All) OwlSpy: purple and red dicksuck pals
(33:27 / All) kevinnash: oh shit lynch squad is back babie
(33:35 / Allies) kevinnash: Lynch squad
(33:40 / All) Slavemaster: LOL been a while since we used that c hannel
(33:46 / All) OwlSpy: but it's midnight here so you wanna faggot standoff this i'll just go to sleep
(33:52 / All) OwlSpy: im getting the win or you're getting the loss
(33:55 / All) kevinnash: you know i knew it was you guys lol
(33:55 / All) OwlSpy: gg retard
(34:01 / All) kevinnash: gg faggiee blue
(34:02 / All) Slavemaster: you angrywinds?
(34:09 / All) 69ers: We're the Win Repo Men now
(34:10 / All) kevinnash: woo just got jacked knife
(34:13 / All) 69ers: We repossess wins
(34:20 / All) kevinnash: you know who it is
(34:26 / All) 69ers: Toooo sweet
(34:31 / All) OwlSpy: couple of dicksucking retards can't beat me because i win if red losses and i win if he doesn't
(34:36 / All) OwlSpy: gg idiots
(34:37 / All) kevinnash: wolfpack baby
(34:40 / All) Slavemaster: You get standoffed blue
(34:43 / All) OwlSpy: i dont need a building to win this
(34:45 / All) kevinnash: big sexy for you blue lol
(34:45 / All) Slavemaster: Even if you win a standoff, you don't actually win
(34:50 / All) Slavemaster: staying in a standoff makes you a loser
(34:58 / All) OwlSpy: bro realized he cant fuck me, took him like the entire game
(35:07 / All) Slavemaster: You did nothing all game blue lol
(35:16 / All) kevinnash: oh man the double cross you got my griff lol
(35:17 / All) OwlSpy: thinking that faggot comment about standoff was gonna be the win
(35:20 / All) kevinnash: ah love it
(35:20 / All) OwlSpy: but it was nothing rofl
(35:22 / All) kevinnash: to funny
(35:23 / All) Slavemaster: I gotta kill all units
(35:34 / All) kevinnash: i know the rules
(35:37 / All) OwlSpy: go ahead mine out the map get whatever army you like
(35:50 / All) OwlSpy: i dont even need a single building or unit to beat you right now idiot lol
(35:55 / All) OwlSpy: i can collect my prize as i sleep rofl
(35:56 / All) Slavemaster: You'll have 0 units and 0 food
(36:03 / All) OwlSpy: zen baby, i dont need it
(36:08 / All) Slavemaster: Blue cares a lot about this win lol
(36:14 / All) kevinnash: you sleep on your daddy cumflak ass
(36:16 / All) Slavemaster: ironic when he was trying so hard to give loss earlier
(36:23 / All) OwlSpy: either you take the L or i get the W
(36:27 / All) OwlSpy: nothing you can do to me noob rofl
(36:28 / All) kevinnash: lynch squad
(36:32 / All) OwlSpy: win win
(36:34 / All) Slavemaster: this game was hilarious
(36:45 / All) OwlSpy: and you're 0-1 so even if we both win you're still below me ROFL
(36:50 / All) kevinnash: dude look at my win loss you dont know what the nwo is about
(36:56 / All) Slavemaster: didn't I already say I don't use the same accs twice blue
(37:00 / All) OwlSpy: and if we both loss, you're 0-2 LOL i'm still 1-1 ROFL
(37:03 / All) Slavemaster: oh no
(37:09 / All) Slavemaster: this acc I never use again will be 0-2!
(37:19 / All) kevinnash: yeah dumb dumb
(37:29 / All) OwlSpy: cool and i'll be 1-1 still ahead of you rofl
(37:32 / All) 69ers: OwlSpy, cool name
(37:36 / All) 69ers: You should try to get 2-0 with it
(37:38 / All) Slavemaster: ahead of an acc I will never use again
(37:41 / All) OwlSpy: lol i will
(37:42 / All) kevinnash: hahha
(37:42 / All) Slavemaster: and first game I left, second I backstabbed
(37:43 / All) Slavemaster: amazing
(37:49 / All) kevinnash: Bhahahaha because he cant
(37:59 / All) OwlSpy: dont justify you're retard 0-1 record to me noob
(38:04 / All) OwlSpy: i dont need your excuses
(38:06 / All) OwlSpy: you're trash
(38:06 / All) kevinnash: that knife has that sweet sweet posion
(38:11 / All) Slavemaster: My main acc still shows in /stats but I can't log into for some reason
(38:12 / All) Slavemaster: and got purged
(38:26 / All) OwlSpy: you literally had to have teal AND purple AND afk green
(38:31 / All) Slavemaster: WAHHH WAHHH
(38:33 / All) OwlSpy: to do anything here lol
(38:37 / All) kevinnash: bhahaha
(38:42 / All) kevinnash: whahhhhhhhh
(38:47 / All) OwlSpy: anyway thanks for my win or thanks for tking you and teal for me rofl
(38:51 / All) Slavemaster: call the wahhmbulance for blue
(38:52 / All) OwlSpy: Win fucking win homey
(38:53 / All) kevinnash: i dont need this win do work
(39:04 / All) OwlSpy: afk to sleep. Do my bidding bro
(39:19 / Allies) kevinnash: hahaha
(39:21 / Allies) kevinnash: love it
(39:25 / All) 69ers: Good luck, gents, hope you break the rec
(39:25 / All) kevinnash: blue so mad
(39:26 / Allies) Slavemaster: good work this game teal